 Dungeon Crawl Stone Soup version 0.23.0 (webtiles) character file.

Game seed: 8017305473668733543

1945 Geeful the Cutter (level 9, -5/56 HPs)
             Began as a Kobold Abyssal Knight on Feb 14, 2019.
             Was a High Priest of Lugonu.
             Slain by a centaur warrior (8 damage)
             ... on level 8 of the Dungeon.
             The game lasted 00:32:14 (9299 turns).

Geeful the Cutter (Kobold Abyssal Knight)           Turns: 9299, Time: 00:32:15

Health: -5/56      AC:  9    Str: 12    XL:     9   Next: 41%
Magic:  13/13      EV: 18    Int: 13    God:    Lugonu [*****.]
Gold:   386        SH:  0    Dex: 15    Spells: 8/8 levels left

rFire    + . .     SeeInvis .   v - +6 falchion of Doom {slice, rN+}
rCold    + . .     Gourm    .   (shield restricted)
rNeg     + . .     Faith    .   w - +2 leather armour {rC+}
rPois    .         Spirit   .   x - +2 helmet
rElec    .         Reflect  .   t - scarf {cloud immunity}
rCorr    .         Harm     .   K - +0 pair of gloves
MR       .....                  (no boots)
Stlth    +++.......             l - amulet of regeneration
HPRegen  0.58/turn              y - +1 ring of slaying
MPRegen  0.13/turn              s - ring of protection from fire

@: no status effects
A: small, carnivore
a: Depart the Abyss, Bend Space, Banish, Corrupt, Enter the Abyss, Renounce
Religion


You were on level 8 of the Dungeon.
You worshipped Lugonu.
Lugonu was extremely pleased with you.
You were completely stuffed.

You visited 2 branches of the dungeon, and saw 9 of its levels.
You visited the Abyss 1 time.
You also visited: Ossuary.

You collected 386 gold pieces.

Inventory:

Hand Weapons
 a - a +2 short sword
 b - a +0 blowgun
 v - the +6 falchion of Doom (weapon) {slice, rN+}
   (You found it on level 5 of the Dungeon)

   It inflicts extra damage upon your enemies.
   It protects you from negative energy.
 A - a +1 dagger of draining
Missiles
 n - 2 throwing nets (quivered)
 r - 44 poisoned needles
Armour
 t - a scarf of cloud immunity (worn)
 w - a +2 leather armour of cold resistance (worn)
 x - a +2 helmet (worn)
 K - a +0 pair of gloves (worn)
Jewellery
 d - an uncursed ring of see invisible
 g - an uncursed ring of wizardry
 i - an uncursed ring of positive energy
 l - an amulet of regeneration (around neck)
 s - a ring of protection from fire (right hand)
 y - a +1 ring of slaying (left hand)
 D - an uncursed ring of magical power
Wands
 o - a wand of iceblast (17)
 B - a wand of flame (20)
 J - a wand of enslavement (9)
 L - a wand of paralysis (4)
Scrolls
 k - 3 scrolls of immolation
 m - 2 scrolls of fog
 E - a scroll of teleportation
 G - a scroll of remove curse
 N - a scroll of enchant armour
 O - a scroll of identify
Potions
 e - 2 potions of invisibility
 f - a potion of lignification {unknown}
 h - 3 potions of magic
 j - 2 potions of curing
 p - 6 potions of heal wounds
 q - a potion of might {unknown}
 u - a potion of ambrosia {unknown}
 z - a potion of degeneration {unknown}
 C - a potion of berserk rage {unknown}
 F - 2 potions of haste {unknown}
 H - a potion of brilliance {unknown}
 I - a potion of agility {unknown}
Comestibles
 c - 14 rations


   Skills:
 + Level 6.6 Fighting
 + Level 7.4 Short Blades
 - Level 0.7 Armour
 + Level 6.7 Dodging
 - Level 7.4 Stealth
 + Level 5.7 Invocations


You had 8 spell levels left.
You didn't know any spells.
Your spell library contained the following spells:

 Spells                   Type           Power        Failure   Level  Hunger
 Beastly Appendage        Tmut           #.....       36%         1    ##.....
 Sticks to Snakes         Tmut           #.......     52%         2    ###....
 Spider Form              Tmut/Pois      #.........   75%         3    ####...
 Ice Form                 Ice/Tmut       #.......     98%         4    #####..
 Blade Hands              Tmut           #.........   100%        5    ######.


Dungeon Overview and Level Annotations

Branches:
Dungeon (8/15)             Temple (1/1) D:4
   Lair: D:8-11

Altars:
Ashenzari
Fedhas
Gozag
Hepliaklqana
Makhleb
Nemelex Xobeh
Okawaru
Qazlal
Ru
Trog
Uskayaw
Vehumet
Xom
Yredelemnul
The Shining One


Innate Abilities, Weirdness & Mutations

You are small and have problems with some larger weapons.
You are carnivorous and can eat meat at any time.


Message History

You hit the centaur warrior but do no damage.
The centaur warrior is lightly wounded.
You closely miss the centaur warrior.
The centaur warrior is lightly wounded.
The centaur warrior misses you. The centaur warrior barely misses you.
You riposte.
You hit the centaur warrior.
The centaur warrior is moderately wounded.
You hit the centaur warrior.
The centaur warrior is heavily wounded.
The centaur warrior hits you but does no damage.
You slash the centaur warrior!
The centaur warrior is severely wounded.
The centaur warrior closely misses you. The centaur warrior hits you!
* * * LOW HITPOINT WARNING * * *
You closely miss the centaur warrior.
The centaur warrior is severely wounded.
The centaur warrior hits you!
* * * LOW HITPOINT WARNING * * *
The centaur warrior hits you!
You die...

#.#####
#...c@#
#..####
... #


You could see a centaur warrior.

Vanquished Creatures
  Prince Ribbit (D:7)
  A yak (D:6)
  Eustachio (D:3)
  Menkaure (D:7)
  An ice beast (D:5)
  An ogre (D:6)
  A phantom (D:7)
  A wight (D:6)
  A bullfrog skeleton (D:4)
  A bullfrog zombie (D:5)
  2 human zombies (Ossuary)
  2 hounds
  A centaur skeleton (D:7)
  2 centaur zombies (Ossuary)
  4 orc priests
  An orc wizard (D:5)
  2 iguanas
  8 worker ants
  A big kobold zombie (Ossuary)
  2 hound zombies (D:6)
  2 mummies (Ossuary)
  A worker ant zombie (D:5)
  A howler monkey skeleton (D:6)
  4 gnolls
  10 adders
  A shadow imp (D:5)
  3 oozes
  2 adder skeletons
  2 adder zombies
  5 worms
  4 dart slugs
  A leopard gecko (D:2)
  5 orcs
  7 giant cockroaches
  8 goblins
  6 hobgoblins
  2 jackals (D:3)
  3 quokkas
  12 bats
  10 frilled lizards
  2 goblin zombies (Ossuary)
  8 hobgoblin zombies (Ossuary)
  A jackal skeleton (D:4)
  A jackal zombie (D:5)
  13 kobolds
  10 kobold zombies (Ossuary)
  9 orc zombies (Ossuary)
  7 rats
  2 rat zombies (Ossuary)
177 creatures vanquished.

Vanquished Creatures (others)
  A scorpion (D:5)
  A howler monkey (D:5)
  An adder (D:5)
  An orc (D:5)
4 creatures vanquished.

Grand Total: 181 creatures vanquished

Notes
Turn   | Place    | Note
-------+----------+-------------------------------------------
     0 | Abyss:1  | Geeful the Kobold Abyssal Knight began the quest for the
                  | Orb.
     0 | Abyss:1  | Reached XP level 1. HP: 14/14 MP: 2/2
    34 | Abyss:1  | Noticed an Executioner
    35 | D:1      | Escaped the Abyss
   471 | D:1      | Reached skill level 1 in Stealth
   471 | D:1      | Reached XP level 2. HP: 19/19 MP: 3/3
   719 | D:1      | Reached * piety under Lugonu
  1053 | D:1      | Reached XP level 3. HP: 18/23 MP: 4/4
  1547 | D:2      | Reached XP level 4. HP: 24/29 MP: 5/5
  1963 | D:2      | Reached ** piety under Lugonu
  2282 | D:2      | Reached XP level 5. HP: 33/33 MP: 6/6
  2578 | D:3      | Found a radiant altar of Vehumet.
  2606 | D:3      | Found a stormy altar of Qazlal.
  2676 | D:3      | Found a shimmering altar of Xom.
  2868 | D:3      | Noticed a +0 hand axe
  2868 | D:3      | Noticed a +0 hand axe
  3123 | D:3      | Found a hide-covered altar of Uskayaw.
  3206 | D:3      | Found an opulent altar of Gozag.
  3209 | D:3      | Found a shattered altar of Ashenzari.
  3211 | D:3      | Found a sacrificial altar of Ru.
  3211 | D:3      | Found a burning altar of Makhleb.
  3214 | D:3      | Found a glowing golden altar of the Shining One.
  3634 | D:4      | Found a staircase to the Ecumenical Temple.
  3644 | Temple   | Entered the Ecumenical Temple
  3714 | D:4      | Reached XP level 6. HP: 27/39 MP: 8/8
  3889 | D:4      | Noticed Eustachio
  4735 | D:3      | HP: 1/39 [white imp/puff of frost[Eustachio] (7)]
  4842 | D:3      | Killed Eustachio
  4842 | D:3      | Reached skill level 5 in Short Blades
  4842 | D:3      | Reached XP level 7. HP: 21/44 MP: 9/9
  5024 | D:4      | Reached *** piety under Lugonu
  5701 | D:4      | Reached skill level 5 in Fighting
  5705 | D:4      | Found an opulent altar of Gozag.
  6191 | D:5      | Entered Level 5 of the Dungeon
  6276 | D:5      | Reached skill level 5 in Dodging
  6276 | D:5      | Reached skill level 5 in Stealth
  6359 | D:5      | Reached XP level 8. HP: 49/49 MP: 11/11
  6389 | D:5      | Got an ancient falchion
  6441 | D:5      | Found an iron altar of Okawaru.
  7064 | D:5      | Found a shimmering altar of Xom.
  7168 | D:6      | Found a blossoming altar of Fedhas.
  7168 | D:6      | Noticed a yak
  7428 | D:6      | Found a sand-covered staircase.
  7438 | Ossuary  | Entered an ossuary
  7439 | Ossuary  | Identified the +6 falchion of Doom {slice, rN+} (You found
                  | it on level 5 of the Dungeon)
  7624 | Ossuary  | Reached **** piety under Lugonu
  8245 | D:6      | Killed a yak
  8245 | D:6      | Reached skill level 5 in Invocations
  8245 | D:6      | Reached XP level 9. HP: 30/55 MP: 12/12
  8347 | D:6      | Found a sparkling altar of Nemelex Xobeh.
  8439 | D:6      | Found a shattered altar of Ashenzari.
  8715 | D:7      | Noticed Menkaure
  8722 | D:7      | Killed Menkaure
  8722 | D:7      | Reached ***** piety under Lugonu
  8842 | D:7      | Noticed Prince Ribbit
  8854 | D:7      | Killed Prince Ribbit
  9288 | D:8      | Noticed a centaur warrior
  9299 | D:8      | Slain by a centaur warrior

Skill      XL: |  1  2  3  4  5  6  7  8  9 |
---------------+----------------------------+-----
Stealth        | 1 2 3 4 5 6 7 |  7.4
Short Blades   | 3 4 5 6 7 |  7.4
Dodging        | 3 4 5 6 |  6.7
Fighting       | 4 5 6 |  6.6
Invocations    | 3 4 5 |  5.7
Armour         | |  0.7

Action                   |  1- 3 |  4- 6 |  7- 9 || total
-------------------------+-------+-------+-------++-------
Melee: Short sword       |    94 |   274 |   145 ||   513
       Falchion          |       |       |   148 ||   148
       Dagger            |       |       |    65 ||    65
Invok: Depart the Abyss  |     1 |       |       ||     1
Evoke: Wand              |       |     4 |     1 ||     5
  Use: Scroll            |     3 |     4 |     5 ||    12
       Potion            |       |     3 |     1 ||     4
 Stab: Sleeping          |     4 |    10 |     9 ||    23
       Distracted        |       |       |     2 ||     2
  Eat: Chunk             |    10 |    10 |    15 ||    35
Armor: Leather armour    |    24 |    59 |    62 ||   145
Dodge: Dodged            |    55 |   206 |   211 ||   472
       Rpst.: Falchion   |       |       |    29 ||    29
